 Dungeon Crawl Stone Soup version 0.22.1-2-g9c5b331 (webtiles) character file.

30299 Fang the Cleaver (level 13, 0/129 HPs)
             Began as a Gargoyle Berserker on Nov 28, 2018.
             Was a High Priest of Trog.
             Slain by a tyrant leech (16 damage)
             ... on level 5 of the Lair of Beasts.
             The game lasted 00:28:47 (14878 turns).

Fang the Cleaver (Gargoyle Berserker)              Turns: 14878, Time: 00:28:48

Health: 0/129      AC: 26    Str: 31    XL:     13   Next: 50%
Magic:  13/13      EV: 12    Int: 12    God:    Trog [*****.]
Gold:   985        SH:  0    Dex:  9    Spells: 12/12 levels left

rFire    + . .     SeeInvis +   I - +0 battleaxe (flame)
rCold    + + +     Gourm    .   (shield currently unavailable)
rNeg     + . .     Faith    .   K - +4 ring mail of Light {Regen+ rCorr}
rPois    ∞         Spirit   .   s - +0 helmet
rElec    +         Reflect  .   F - scarf {repulsion}
rCorr    +         Harm     .   C - +2 pair of gloves of the Trees {*Corrode rElec rC+++ Int+4}
MR       .....                  (no boots)
Stlth    ..........             (no amulet)
HPRegen  0.71/turn              p - ring of see invisible
MPRegen  0.13/turn              i - ring of protection from fire

@: berserking, repel missiles, very quick
A: negative energy resistance 1, electricity resistance, unbreathing,
petrification resistance, rot immunity, AC +9
a: Berserk, Trog's Hand, Brothers in Arms, Renounce Religion


You were on level 5 of the Lair of Beasts.
You worshipped Trog.
Trog was extremely pleased with you.
You were very hungry.

You visited 3 branches of the dungeon, and saw 15 of its levels.
You also visited: Labyrinth.

You collected 985 gold pieces.

Inventory:

Hand Weapons
 b - the +6 hand axe of the Wraith {drain, rF+ Str+5}
   (You found it on level 7 of the Dungeon)

   A truly terrible weapon, it drains the life of those it strikes.
   It affects your strength (+5).
   It protects you from fire.
 t - a +3 war axe of venom
 I - a +0 battleaxe of flaming (weapon)
Armour
 o - a scarf of resistance
 s - a +0 helmet (worn)
 C - the +2 pair of gloves of the Trees (worn) {*Corrode rElec rC+++ Int+4}
   (You found it on level 9 of the Dungeon)

   It affects your intelligence (+4).
   It renders you almost immune to cold.
   It insulates you from electricity.
   It may corrode you when you take damage.
 F - a scarf of repulsion (worn)
 G - a scarf of cloud immunity
 K - the +4 ring mail of Light (worn) {Regen+ rCorr}
   (You found it on level 4 of the Lair of Beasts)

   It increases your rate of regeneration.
   It provides partial protection from all sources of acid and corrosion.
 L - a +10 plate armour of ponderousness
Jewellery
 i - a ring of protection from fire (right hand)
 p - a ring of see invisible (left hand)
 w - an uncursed amulet of rage {unknown}
 H - an uncursed amulet of the acrobat {unknown}
Wands
 a - a wand of scattershot (5)
 j - a wand of acid (9)
 u - a wand of clouds (4)
 v - a wand of digging (17)
 x - a wand of polymorph (40)
 y - a wand of flame (31)
 A - a wand of random effects (23)
 B - a wand of paralysis (16)
 D - a wand of enslavement (29)
 E - a wand of disintegration (13)
Scrolls
 e - 2 scrolls of teleportation
 f - 11 scrolls of remove curse
 g - 4 scrolls of magic mapping
 M - a scroll of blinking
 N - 4 scrolls of identify
Potions
 d - 3 potions of haste
 h - a potion of heal wounds
 k - 8 potions of curing
 l - a potion of cancellation
 m - 4 potions of brilliance
 n - 3 potions of agility
 q - 4 potions of flight
 r - 3 potions of ambrosia
 z - 2 potions of might
 J - a potion of lignification
Comestibles
 c - 27 rations


   Skills:
 + Level 12.0 Fighting
 + Level 14.3 Axes
 + Level 12.5 Armour
 + Level 3.2 Dodging
 + Level 1.3 Stealth


You had 12 spell levels left.
You didn't know any spells.
Your spell library was empty.

Dungeon Overview and Level Annotations

Branches:
Dungeon (9/15)             Temple (1/1) D:6            Lair (5/6) D:8
 Shoals (0/4) Lair:2        Snake (0/4) Lair:3        Slime (0/5) Lair:5
    Orc: D:9-12

Altars:
Ashenzari
Cheibriados
Gozag
Hepliaklqana
Kikubaaqudgha
Makhleb
Ru
Sif Muna
Trog
Uskayaw
Xom
Zin
Jiyva

Shops:
D:5 :

Annotations:
Lair:5 1 runed door, Ahitt's ghost, journeyman OgTm


Innate Abilities, Weirdness & Mutations

You are resistant to torment.
Your stone body is resilient. (AC +9)
You are immune to poison.
You resist negative energy. (rN+)
You are resistant to electric shocks. (rElec)
You can survive without breathing.
You are immune to petrification.
You are immune to rotting.


Message History

The harpoon shot is repelled.
There is a stone staircase leading up here.
There is a stone staircase leading up here.
There is a stone staircase leading up here.
There is a stone staircase leading up here.
A tyrant leech comes into view.
The swamp worm bites you!
* * * LOW HITPOINT WARNING * * *
There is a stone staircase leading up here.
Unknown command.
You feel better. The tyrant leech bites you!
* * * LOW HITPOINT WARNING * * *
The swamp worm bites you.
* * * LOW HITPOINT WARNING * * *
Unknown command.
A red film seems to cover your vision as you go berserk!
You feel yourself moving faster!
You feel mighty!
You are feeling very hungry.
The tyrant leech bites you!
You die...

♣ ♣≈PPP## ##P.......P# ♣♣♣P≈...#
##..<....P#### ≈♣≈≈PP###
#........###.## ## P≈≈≈P.##
#..>..........#####. ≈P.P...##
##..................
........######P..................
.................................
............÷....................
....)...........@................
...............www...............
.................................
####...........................##
..%#..>................#..##.####
≈≈|#..#P..##..P.......[.######
..$###########...w.....## ####
#.#.......## ##......_..#


You could see 3 tyrant leeches and a swamp worm.

Vanquished Creatures
  Gastronok (Lair:1)
  Kirke (Lair:5)
  A minotaur (Lab)
  A fire dragon (Lair:3)
  6 hydras
  Nergalle (Lair:1)
  A wizard (D:9)
  2 manticores (D:7)
  A cyclops (D:9)
  2 merfolk sirens (Lair:2)
  6 elephants (Lair:3)
  A molten gargoyle (Lair:3)
  2 black mambas
  A torpor snail (Lair:2)
  7 spiny frogs
  A kobold demonologist (D:9)
  3 komodo dragons
  2 merfolk (Lair:2)
  4 polar bears
  A tyrant leech (Lair:5)
  Prince Ribbit (Lair:2)
  2 blink frogs (Lair:2)
  5 hippogriffs
  2 dream sheep (Lair:2)
  9 yaks
  3 hogs (Lair:5)
  Duvessa (D:5)
  7 water moccasins
  7 porcupines
  3 orc warriors
  2 sky beasts
  5 black bears
  3 centaurs
  An ogre (D:5)
  9 wolves
  A crocodile (Lair:1)
  2 big kobolds
  6 bullfrogs
  2 wyvern skeletons
  Dowan (D:5)
  2 scorpions
  3 killer bees (D:7)
  2 electric eels (D:9)
  6 wights (D:6)
  3 howler monkeys (D:7)
  2 vampire bats (D:7)
  3 crimson imps
  2 bullfrog skeletons
  4 hounds
  2 jellies
  4 orc priests
  An iron imp (D:5)
  4 iguanas
  6 orc wizards
  6 worker ants
  A hound zombie (D:7)
  A hound skeleton (D:6)
  7 adders
  3 gnolls (D:5)
  A shadow imp (D:6)
  2 oozes (D:2)
  An adder zombie (D:9)
  2 worms
  A dart slug (D:1)
  5 leopard geckos
  35 orcs
  3 ball pythons (D:2)
  3 bat skeletons (D:7)
  3 bat zombies (D:7)
  3 giant cockroaches
  6 goblins
  12 hobgoblins
  16 jackals
  12 kobolds
  8 quokkas
  10 bats
  9 frilled lizards
  A quokka skeleton (D:8)
  7 rats
  2 fungi (D:8)
321 creatures vanquished.

Vanquished Creatures (collateral kills)
  Snorg (Lair:4)
  A komodo dragon (Lair:5)
  A polar bear (D:7)
  A tyrant leech (Lair:5)
  A hippogriff (D:7)
  A dream sheep (D:7)
  A yak (D:7)
  5 hogs
  A swamp worm (Lair:5)
  A black bear (D:7)
  2 hounds (D:7)
16 creatures vanquished.

Vanquished Creatures (others)
  A fire vortex (Lair:3)
  2 fungi
  5 plants
8 creatures vanquished.

Grand Total: 345 creatures vanquished

Notes
Turn   | Place    | Note
-------+----------+-------------------------------------------
     0 | D:1      | Fang the Gargoyle Berserker began the quest for the Orb.
     0 | D:1      | Reached XP level 1. HP: 14/14 MP: 1/1
   199 | D:1      | Reached XP level 2. HP: 9/19 MP: 2/2
   208 | D:1      | Reached skill level 3 in Axes
   597 | D:1      | Reached XP level 3. HP: 24/24 MP: 3/3
   707 | D:2      | Reached ** piety under Trog
   907 | D:2      | Reached XP level 4. HP: 16/29 MP: 4/4
   984 | D:2      | Found an opulent altar of Gozag.
  1700 | D:3      | Reached skill level 4 in Axes
  1700 | D:3      | Reached XP level 5. HP: 32/33 MP: 5/5
  1857 | D:3      | Found a glowing silver altar of Zin.
  2352 | D:4      | Found a sacrificial altar of Ru.
  2849 | D:4      | Found a bloodstained altar of Trog.
  2953 | D:4      | Reached XP level 6. HP: 22/38 MP: 6/6
  3401 | D:5      | Entered Level 5 of the Dungeon
  3456 | D:5      | Reached *** piety under Trog
  3539 | D:5      | Reached skill level 5 in Axes
  3539 | D:5      | Reached XP level 7. HP: 40/44 MP: 7/7
  3572 | D:5      | Reached skill level 5 in Fighting
  3791 | D:5      | Found Unaeroyh's Book Shoppe.
  3921 | D:5      | Found a shattered altar of Ashenzari.
  3962 | D:5      | Noticed Duvessa
  3966 | D:5      | Noticed Dowan
  3975 | D:5      | Killed Duvessa
  3975 | D:5      | Reached skill level 6 in Axes
  3983 | D:5      | Killed Dowan
  4241 | D:5      | Found a hazy altar of Hepliaklqana.
  4254 | D:5      | Reached XP level 8. HP: 45/51 MP: 8/8
  4324 | D:5      | Found a snail-covered altar of Cheibriados.
  4357 | D:6      | Reached skill level 5 in Armour
  4605 | D:6      | Reached skill level 7 in Axes
  4842 | D:6      | Found a staircase to the Ecumenical Temple.
  4888 | Temple   | Entered the Ecumenical Temple
  4919 | D:6      | Found a burning altar of Makhleb.
  4919 | D:6      | Found a deep blue altar of Sif Muna.
  4951 | D:6      | Reached XP level 9. HP: 51/56 MP: 9/9
  5407 | D:6      | Reached **** piety under Trog
  5611 | D:7      | Found a shimmering altar of Xom.
  5635 | D:8      | Reached skill level 8 in Axes
  5654 | D:8      | Found a staircase to the Lair.
  6100 | D:7      | Found a huge runed gate.
  6100 | D:7      | Found a huge runed gate.
  6100 | D:7      | Found a huge runed gate.
  6100 | D:7      | Found a huge runed gate.
  6100 | D:7      | Noticed a polar bear
  6100 | D:7      | Noticed a polar bear
  6100 | D:7      | Noticed a manticore
  6100 | D:7      | Noticed a polar bear
  6101 | D:7      | Noticed a polar bear
  6101 | D:7      | Noticed a manticore
  6242 | D:7      | Reached skill level 9 in Axes
  6520 | D:7      | Got a smoking hand axe
  6521 | D:7      | Identified the +6 hand axe of the Wraith {drain, rF+ Str+5}
                  | (You found it on level 7 of the Dungeon)
  6686 | D:7      | Found an ancient bone altar of Kikubaaqudgha.
  6903 | D:7      | Killed a polar bear
  6905 | D:7      | Reached XP level 10. HP: 64/64 MP: 10/10
  6913 | D:7      | Killed a manticore
  6913 | D:7      | Reached skill level 10 in Axes
  6923 | D:7      | Killed a manticore
  7342 | D:9      | Reached skill level 11 in Axes
  7353 | D:9      | Reached ***** piety under Trog
  7431 | D:9      | Noticed a wizard
  7432 | D:9      | Reached XP level 11. HP: 71/71 MP: 11/11
  7449 | D:9      | Killed a wizard
  7627 | D:9      | Noticed a dagger
  7628 | D:9      | Noticed a dagger
  7631 | D:9      | Found a hide-covered altar of Uskayaw.
  8003 | D:9      | Noticed a cyclops
  8010 | D:9      | Killed a cyclops
  8013 | D:9      | Got a pair of bloodstained gloves
  8019 | D:9      | Identified the +2 pair of gloves of the Trees {*Corrode
                  | rElec rC+++ Int+4} (You found it on level 9 of the Dungeon)
  8278 | Lair:1   | Entered Level 1 of the Lair of Beasts
  8278 | Lair:1   | Noticed Gastronok
  8279 | Lair:1   | Noticed a five-headed hydra
  8298 | D:8      | Killed a 13-headed hydra
  8606 | Lair:1   | Killed Gastronok
  8606 | Lair:1   | Reached skill level 12 in Axes
  8873 | Lair:1   | Reached skill level 10 in Armour
  8995 | Lair:1   | Noticed Nergalle
  9019 | Lair:1   | Killed Nergalle
  9019 | Lair:1   | Reached skill level 1 in Stealth
  9100 | Lair:1   | Reached skill level 10 in Fighting
  9251 | Lair:2   | Reached XP level 12. HP: 77/77 MP: 12/12
  9261 | Lair:2   | Found a staircase to the Shoals.
  9455 | Lair:2   | Noticed a four-headed hydra
  9466 | Lair:2   | Killed an 11-headed hydra
  9479 | Lair:2   | Reached skill level 13 in Axes
  9799 | Lair:2   | Noticed Prince Ribbit
 10050 | Lair:2   | Killed Prince Ribbit
 10278 | Lair:2   | Noticed a seven-headed hydra
 10294 | Lair:2   | Killed a one-headed hydra
 10550 | Lair:3   | Received a gift from Trog
 10744 | Lair:3   | Found a staircase to the Snake Pit.
 11092 | Lair:3   | Noticed a fire dragon
 11117 | Lair:3   | Killed a fire dragon
 11117 | Lair:3   | Reached XP level 13. HP: 57/84 MP: 13/13
 11587 | Lair:4   | Noticed Snorg
 11599 | Lair:4   | Killed Snorg
 11689 | Lair:4   | Found a labyrinth entrance.
 11716 | Lab      | Entered a labyrinth
 13370 | Lab      | Noticed a minotaur
 13383 | Lab      | Killed a minotaur
 13383 | Lab      | Reached skill level 14 in Axes
 14100 | Lair:4   | Got a jewelled ring mail
 14111 | Lair:4   | Identified the +4 ring mail of Light {Regen+ rCorr} (You
                  | found it on level 4 of the Lair of Beasts)
 14586 | Lair:5   | Noticed Kirke
 14605 | Lair:5   | Killed Kirke
 14666 | Lair:5   | Found a runed door.
 14699 | Lair:5   | Noticed Ahitt's ghost (journeyman OgTm)
 14802 | Lair:5   | Found a viscous altar of Jiyva.
 14804 | Lair:5   | Found a staircase to the Slime Pits.
 14878 | Lair:5   | Slain by a tyrant leech

Skill      XL: |  1  2  3  4  5  6  7  8  9 10 11 12 13 |
---------------+----------------------------------------+-----
Axes           | 3 4 5 6 7 9 11 12 13 14 | 14.3
Fighting       | 4 5 6 8 9 10 11 12 | 12.0
Armour         | 3 4 5 7 8 10 11 12 | 12.5
Dodging        | 2 3 |  3.2
Stealth        | 1 |  1.3

Action                   |  1- 3 |  4- 6 |  7- 9 | 10-12 | 13-15 || total
-------------------------+-------+-------+-------+-------+-------++-------
Melee: Hand axe          |   130 |   290 |    19 |   492 |    63 ||   994
       War axe           |       |    13 |   390 |       |       ||   403
       Battleaxe         |       |       |       |    19 |    44 ||    63
Invok: Berserk           |       |     1 |     6 |     3 |     4 ||    14
       Brothers in Arms  |       |       |     3 |       |     3 ||     6
  Use: Scroll            |       |       |    17 |    10 |     3 ||    30
       Potion            |       |       |       |       |     1 ||     1
  Eat: Chunk             |       |    10 |    12 |    13 |     5 ||    40
       Ration            |       |       |     2 |     1 |     3 ||     6
Armor: Chain mail        |   103 |   178 |   114 |       |       ||   395
       Animal skin       |     2 |       |       |       |       ||     2
       Plate armour      |       |       |   266 |   368 |    71 ||   705
       Ring mail         |       |       |       |       |    39 ||    39
Dodge: Dodged            |    56 |   160 |   205 |   203 |    55 ||   679
       Deflected         |       |       |       |       |     1 ||     1
